AoeStats
← 5coinz

Arabia

510412940Analyzed
1v1 RM · 12h ago on Sep 30, 2026· 55m 56s· 2 players
Game mode
Random Map
Map size
Tiny (2 player)
Population
200
Speed
Normal
Resources
Standard
Victory
Conquest
Starting age
Dark Age
Ending age
Imperial Age
RankedLock teamsTeams togetherTeam positionsShared explorationLock speedFull tech treeHidden civsTurbo modeCheats
Victory
Defeat
🇧🇬 Bulgarians · Bulgaria
508
+12
🇲🇽 Sicilians · Mexico
416
-12
5coinz
11:04 Feudal Age
12:29 Double-Bit Axe
13:39 Bloodlines
17:32 Horse Collar
20:42 Wheelbarrow
21:38 Forging
21:57 Scale Mail Armor
24:43 Scale Barding Armor
26:58 Castle Age
28:30 Squires
29:20 Husbandry
29:36 Light Cavalry
30:46 Hand Cart
31:13 Iron Casting
30:40 Heavy Plow
30:53 Bow Saw
35:48 Chain Mail Armor
37:33 Pikeman
41:54 Stone Mining
44:39 Imperial Age
42:59 Chain Barding Armor
43:43 Arson
45:11 Hussar
45:47 Loom
47:22 Blast Furnace
46:53 Plate Mail Armor
47:00 Plate Barding Armor
46:51 Onager
48:09 Ballistics
47:49 Murder Holes
48:14 Stirrups
48:18 Gold Mining
49:24 Bagains
50:48 Halberdier
Rosco_Bosco
8:14 Loom
11:16 Feudal Age
12:01 Horse Collar
19:54 Double-Bit Axe
20:41 Gold Mining
30:06 Castle Age
32:01 Fletching
32:13 Padded Archer Armor
32:41 Bodkin Arrow
32:16 Crossbowman
39:37 Imperial Age
39:07 Ballistics
38:43 Murder Holes
38:59 Masonry
41:25 Squires
41:11 Gambesons
40:47 Pikeman
42:06 Arrowslits
43:51 Leather Archer Armor
43:49 Arson
47:26 Bow Saw
47:19 Heavy Plow
48:14 Scale Mail Armor
52:07 Town Watch
52:29 Bracer
52:37 Elite Skirmisher
53:31 Forging
53:41 Chain Mail Armor
54:30 Fervor
Connection lost

Rejoining the realm…

Still unreachable

The connection could not be restored.

Session expired

The server has moved on; the page needs a fresh start.